 Dungeon Crawl Stone Soup version 0.27-a0-1140-g099f9bb0e8 (webtiles) character file.

Game seed: 7225539004569482463

8789 tilp the Frost Mage (level 10, -9/84 HPs)
             Began as a Demigod Ice Elementalist on May 9, 2021.
             Mangled by a shadow (16 damage)
             ... on level 10 of the Dungeon.
             The game lasted 00:21:09 (12192 turns).

tilp the Frost Mage (Demigod Ice Elementalist)     Turns: 12192, Time: 00:21:10

Health: -9/84      AC: 24    Str:  9    XL:     10   Next: 92%
Magic:  21/22      EV: 14    Int: 29    God:
Gold:   600        SH:  0    Dex: 23    Spells: 6/21 levels left

rFire    + + +     SeeInvis .   a - +10 rapier "Digoud" {venom, *Slow +Rage rF+++ rCorr}
rCold    . . .     Faith    .   (no shield)
rNeg     . . .     Spirit   .   F - +5 ring mail "Utwiuh" {Stlth+}
rPois    .         Reflect  .   (no helmet)
rElec    .         Harm     .   B - +2 cloak {rCorr}
rCorr    +         Rampage  .   z - +0 pair of gloves {Dex+3}
Will     +....                  (no boots)
Stlth    +++.......             k - amulet of magic regeneration
HPRegen  0.24/turn              j - +4 ring of protection
MPRegen  0.43/turn              t - +6 ring of dexterity

@: ice-armoured
A: high mp 1, forlorn
a: Evoke Berserk Rage


You were on level 10 of the Dungeon.
You visited 1 branch of the dungeon, and saw 10 of its levels.

You collected 1363 gold pieces.
You spent 763 gold pieces at shops.

Inventory:

Hand Weapons
 a - the +10 rapier "Digoud" (weapon) {venom, *Slow +Rage rF+++ rCorr}
   (You found it on level 4 of the Dungeon)

   It poisons the flesh of those it strikes.
   It renders you almost immune to fire.
   It lets you go berserk.
   It protects you from acid and corrosion.
   It may slow you when you take damage.
 E - a +5 scimitar
 H - the +2 glaive of the Final Mice {drain, rC+ Int+6 Dex+4}
   (You took it off a gnoll shaman on level 8 of the Dungeon)

   A truly terrible weapon, it drains the life of those it strikes.
   It affects your intelligence (+6).
   It affects your dexterity (+4).
   It protects you from cold.
 K - the +6 rapier of Spite {vorpal, rElec Int-2 Dex+5}
   (You found it on level 9 of the Dungeon)

   It inflicts extra damage upon your enemies.
   It affects your intelligence (-2).
   It affects your dexterity (+5).
   It insulates you from electricity.
Missiles
 e - 2 curare-tipped darts {!f}
 f - 38 poisoned darts (quivered)
 n - 6 atropa-tipped darts
 o - 12 boomerangs
 v - 5 boomerangs of dispersal
 C - 4 silver javelins
Armour
 c - a +1 robe
 r - the +1 leather armour of Pessimism {rElec}
   (You found it on level 9 of the Dungeon)

   It insulates you from electricity.
 z - a +0 pair of gloves of dexterity (worn)
 B - a +2 cloak of preservation (worn)
 F - the +5 ring mail "Utwiuh" (worn) {Stlth+}
   (You bought it in a shop on level 1 of the Dungeon)

   It makes you more stealthy.
 I - a +0 kite shield
Jewellery
 b - a ring of protection from cold
 j - a +4 ring of protection (left hand)
 k - an amulet of magic regeneration (around neck)
 t - a +6 ring of dexterity (right hand)
Wands
 A - a wand of flame (13)
 D - a wand of charming (9)
 J - a wand of polymorph (5)
Scrolls
 d - 3 scrolls of fog
 m - 6 scrolls of teleportation
 p - a scroll of amnesia
 q - 2 scrolls of identify
 w - 2 scrolls of magic mapping
 x - 3 scrolls of blinking
 y - a scroll of fear
 G - a scroll of immolation
 L - a scroll of summoning
Potions
 g - 4 potions of curing
 h - 4 potions of haste
 i - a potion of invisibility
 l - a potion of lignification
 s - 3 potions of flight
 u - a potion of heal wounds


   Skills:
 + Level 6.5 Fighting
 + Level 6.5 Dodging
 - Level 4.0 Stealth
 - Level 6.0 Spellcasting
 - Level 4.0 Conjurations
 - Level 4.0 Summonings
 - Level 10.0 Ice Magic


You had 6 spell levels left.
You knew the following spells:

 Your Spells              Type           Power      Damage    Failure   Level
a - Freeze                Ice            100%       1d11      1%          1
b - Frozen Ramparts       Ice            100%       1d12      1%          3
c - Ozocubu's Armour      Ice            61%        N/A       1%          3
d - Hailstorm             Conj/Ice       49%        3d11      9%          4
e - Summon Ice Beast      Ice/Summ       49%        N/A       9%          4

Your spell library contained the following spells:

 Spells                   Type           Power      Damage    Failure   Level
 Magic Dart               Conj           100%       1d8       3%          1
 Summon Small Mammal      Summ           100%       N/A       3%          1
 Call Imp                 Summ           31%        N/A       4%          2
 Searing Ray              Conj           62%        3d5       4%          2
 Shock                    Conj/Air       80%        1d8       7%          1
 Call Canine Familiar     Summ           31%        N/A       9%          3
 Static Discharge         Conj/Air       20%        N/A       11%         2
 Sandblast                Erth           16%        2d6       16%         1
 Dazzling Flash           Conj/Hex       40%        N/A       21%         3
 Stone Arrow              Conj/Erth      40%        3d9       21%         3
 Summon Guardian Golem    Hex/Summ       20%        N/A       21%         3
 Passwall                 Tmut/Erth      6%         N/A       24%         2
 Swiftness                Air            8%         N/A       43%         3
 Metabolic Englaciation   Hex/Ice        18%        N/A       50%         5
 Fulminant Prism          Conj/Hex       10%        3d9       56%         4
 Iskenderun's Mystic Bla  Conj/Tloc      20%        2d6       56%         4
 Summon Lightning Spire   Summ/Air       20%        N/A       56%         4
 Airstrike                Air            4%         N/A       83%         4
 Petrify                  Tmut/Erth      8%         N/A       83%         4
 Lightning Bolt           Conj/Air       10%        1d23      88%         5
 Lee's Rapid Deconstruct  Erth           4%         3d6*      99%         5
 Silence                  Hex/Air        4%         N/A       99%         5
 Conjure Ball Lightning   Conj/Air       10%        3x3d6     100%        6
 Tornado                  Air            4%         N/A       100%        9


Dungeon Overview and Level Annotations

Branches:
Dungeon (10/15)            Temple (0/1) D:5            Lair (0/6) D:9
    Orc: D:9-12

Shops:
D:1 (([   D:8 *

Annotations:
D:5 dig vault, exclusion: water moccasin
D:6 exclusions: necrophage and water moccasin


Innate Abilities, Weirdness & Mutations

Your attributes grow dramatically as you level up.
You have an increased reservoir of magic. (+10% MP)
You shall have no god before yourself.


Message History

The centaur zombie misses you. The centaur zombie closely misses you.
A sky beast comes into view.
The kobold hits you but does no damage. Something completely misses you.
You puncture the shadow!
The shadow is almost destroyed.
The centaur zombie misses you.
The centaur zombie kicks you but does no damage.
The shadow slips into darkness.
The shadow flickers and vanishes!
The kobold barely misses you. Something hits you but does no damage.
The centaur zombie closely misses you.
The centaur zombie kicks you but does no damage.
Your icy armour will break if you move.
Continue?
Okay, then.
Your icy armour will break if you move.
Continue?
Okay, then.
Your icy armour will break if you move.
Continue?
Okay, then.
Your icy armour will break if you move.
Continue?
Okay, then.
You closely miss something.
The shadow strikes at you from the darkness!
* * * LOW HITPOINT WARNING * * *
Reactivating autopickup.
The centaur zombie hits you but does no damage.
The centaur zombie misses you. The kobold barely misses you.
Something hits you but does no damage.
Deactivating autopickup; reactivate with Ctrl-A.
The shadow slips into darkness.
The shadow flickers and vanishes!
Unknown command.
You puncture the kobold!
You kill the kobold!
The centaur zombie hits you but does no damage.
The centaur zombie kicks you but does no damage.
Something hits you.
* * * LOW HITPOINT WARNING * * *
Something shocks you.
* * * LOW HITPOINT WARNING * * *
The shadow strikes at you from the darkness!
You die...

≈§.............#
§§≈# #.........#
.≈≈. #.........#
.≈≈..#....<....#
#≈≈Y.#.........#
.≈≈............#
≈≈§#...........#
≈§§...†........#
§.....{@)......#
....#.))Z......#
... #.)).......#
.. #..........#
. #..........#
#..........
#..........
#...$......


You could see a sky beast and a centaur zombie.

Vanquished Creatures
  2 boulder beetles (D:8)
  Maurice (D:8)
  A kobold demonologist (D:10)
  A troll (D:9)
  Grinder (D:5)
  9 yaks
  2 steam dragons
  A water moccasin (D:9)
  Edmund (D:6)
  An orc warrior (D:7)
  A sky beast (D:5)
  An ice beast (D:8)
  2 necrophages
  3 black bears (D:9)
  2 ogres
  5 centaurs
  A phantom (D:6)
  3 kobold brigands
  8 bullfrogs
  2 gnoll sergeants (D:9)
  3 scorpions
  2 water moccasin zombies (D:5)
  2 water moccasin skeletons
  A killer bee (D:8)
  4 wights (D:8)
  3 howler monkeys (D:7)
  6 centaur zombies
  A bullfrog skeleton (D:6)
  2 orc priests
  2 gnoll shamans
  A centaur skeleton (D:6)
  2 iguanas
  4 orc wizards
  A mummy (D:6)
  A howler monkey zombie (D:8)
  15 gnolls
  A howler monkey skeleton (D:7)
  4 adders
  A shadow imp (D:5)
  2 white imps
  An ufetubus (D:6)
  2 worms (D:3)
  2 dart slugs (D:3)
  15 orcs
  4 endoplasms
  5 giant cockroaches
  6 goblins
  4 hobgoblins
  4 jackals (D:2)
  3 quokkas
  4 ball pythons
  5 bats
  2 frilled lizards
  22 kobolds
  20 rats
205 creatures vanquished.

Vanquished Creatures (collateral kills)
  A two-headed ogre (D:8)
  2 orc warriors
  An ogre (D:7)
  An ice beast (D:8)
  A scorpion (D:7)
6 creatures vanquished.

Vanquished Creatures (others)
  38 fungi (D:9)
  36 plants (D:9)
74 creatures vanquished.

Grand Total: 285 creatures vanquished

Notes
Turn   | Place    | Note
-------+----------+-------------------------------------------
     0 | D:1      | tilp the Demigod Ice Elementalist began the quest for the
                  | Orb.
     0 | D:1      | Reached XP level 1. HP: 14/14 MP: 5/5
   303 | D:1      | Found Pusoppus's Weapon Shop.
   342 | D:1      | Found Eviub's Weapon Emporium.
   394 | D:1      | Found Ostret's Antique Armour Shop.
   500 | D:1      | Reached skill level 4 in Ice Magic
   517 | D:1      | Reached XP level 2. HP: 20/20 MP: 7/7
   691 | D:1      | Found Leekain's Magic Scroll Shop.
   703 | D:1      | Bought a scroll of identify for 24 gold pieces
   763 | D:1      | Found Gixil's Distillery.
  1019 | D:1      | Bought a scroll of teleportation for 36 gold pieces
  1281 | D:2      | Reached skill level 1 in Fighting
  1340 | D:2      | Reached XP level 3. HP: 24/28 MP: 0/8
  1354 | D:2      | Learned a level 3 spell: Ozocubu's Armour
  2052 | D:1      | Bought a scroll of fog for 24 gold pieces
  2052 | D:1      | Bought a scroll of identify for 24 gold pieces
  2784 | D:3      | Reached XP level 4. HP: 35/36 MP: 7/9
  3349 | D:4      | Learned a level 3 spell: Frozen Ramparts
  3403 | D:4      | Identified the +10 rapier "Digoud" {venom, *Slow +Rage
                  | rF+++ rCorr}
  3460 | D:4      | Reached XP level 5. HP: 16/41 MP: 8/11
  3687 | D:4      | Reached skill level 5 in Ice Magic
  3713 | D:4      | Noticed an ogre
  3721 | D:4      | Killed an ogre
  3991 | D:4      | Reached XP level 6. HP: 22/48 MP: 11/13
  4155 | D:4      | Learned a level 4 spell: Hailstorm
  4641 | D:1      | Bought a scroll of amnesia for 42 gold pieces
  4641 | D:1      | Bought a scroll of identify for 24 gold pieces
  4741 | D:5      | Entered Level 5 of the Dungeon
  4812 | D:5      | Noticed Grinder
  4819 | D:5      | Paralysed by Grinder for 3 turns
  4825 | D:5      | Killed Grinder
  4826 | D:5      | Reached skill level 6 in Ice Magic
  5153 | D:5      | Noticed a water moccasin
  5188 | D:5      | Found a staircase to the Ecumenical Temple.
  5250 | D:5      | Reached XP level 7. HP: 33/55 MP: 13/16
  5586 | D:5      | Reached skill level 7 in Ice Magic
  5938 | D:6      | Noticed Edmund
  5947 | D:6      | Killed Edmund
  6140 | D:6      | Reached skill level 8 in Ice Magic
  6436 | D:6      | Reached XP level 8. HP: 57/62 MP: 14/17
  7729 | D:7      | Learned a level 4 spell: Summon Ice Beast
  8013 | D:7      | Reached skill level 1 in Conjurations
  8152 | D:7      | Reached skill level 1 in Summonings
  8532 | D:8      | Noticed a two-headed ogre
  8792 | D:8      | Reached XP level 9. HP: 62/71 MP: 19/19
  9389 | D:8      | Reached skill level 5 in Spellcasting
  9421 | D:8      | Found Xarea's Assorted Antiques.
  9470 | D:8      | Bought an orange potion for 26 gold pieces
  9470 | D:8      | Bought a scroll labelled YFEDYWK UCUZ for 29 gold pieces
  9545 | D:8      | Killed a two-headed ogre
  9546 | D:8      | Reached skill level 9 in Ice Magic
  9652 | D:8      | Noticed a boulder beetle
  9782 | D:8      | Noticed Maurice
  9788 | D:8      | Killed Maurice
 10136 | D:8      | Reached XP level 10. HP: 78/78 MP: 9/22
 10312 | D:7      | Identified a scroll of acquirement
 10312 | D:7      | Acquired 902 gold pieces
 10423 | D:1      | Bought a pair of embroidered gloves for 180 gold pieces
 10423 | D:1      | Bought a brightly glowing ring mail for 216 gold pieces
 10423 | D:1      | Identified the +5 ring mail "Utwiuh" {Stlth+} (You bought
                  | it in a shop on level 1 of the Dungeon)
 10519 | D:1      | Bought a scroll of teleportation for 36 gold pieces
 10519 | D:1      | Bought a scroll of identify for 24 gold pieces
 10519 | D:1      | Bought a scroll of immolation for 42 gold pieces
 10519 | D:1      | Bought a scroll of teleportation for 36 gold pieces
 10662 | D:8      | Identified the +2 glaive of the Final Mice {drain, rC+
                  | Int+6 Dex+4}
 10756 | D:8      | Killed a boulder beetle
 10757 | D:8      | Reached skill level 10 in Ice Magic
 10973 | D:8      | Noticed a boulder beetle
 10986 | D:8      | Killed a boulder beetle
 11173 | D:9      | Identified the +1 leather armour of Pessimism {rElec}
 11224 | D:9      | Reached skill level 5 in Fighting
 11224 | D:9      | Reached skill level 5 in Dodging
 11776 | D:9      | Found a staircase to the Lair.
 11861 | D:9      | Identified the +6 rapier of Spite {vorpal, rElec Int-2
                  | Dex+5}
 12172 | D:10     | Entered Level 10 of the Dungeon
 12192 | D:10     | Mangled by a shadow

Illustrated notes

Levels and vault maps discovered:
D:1:      dpeg_arrival_lava_temple_mockup, layout_loops_ring,
          basic_ecumenical_altar, serial_shops, nicolae_shop_trees, shop_statue,
          nicolae_shop_window_shopping, shop, shop, minmay_rat_gold_closets
D:2:      layout_basic, basic_altar, dk_vineyard_3, grunt_ministairs_10,
          minmay_octomino_j4
D:3:      layout_loops_cross
D:4:      layout_loops_ring, amethyst_overflow_temple_binary
D:5:      layout_loops_ring, minmay_temple_entry_slanted, supply_closet_lemuel,
          minmay_statues_item, uniq_grinder
D:6:      layout_cave_pods, slow_altar_1, nicolae_uskayaw_dance_studio,
          general_overflow_altar, uniq_edmund
D:7:      layout_gridville, lemuel_crystal_altar, item_on_display_a
D:8:      nzn_winding_woodlands_three_and_one [nzn_winding_woodlands_5x15_pool,
          nzn_winding_woodlands_5x15_concentric,
          nzn_winding_woodlands_5x15_crooked,
          nzn_winding_woodlands_center_diamonds], layout_loops_cross,
          serial_shops, nicolae_shop_stone, st_stairs_9, uniq_maurice
D:9:      layout_cave_pools, kiku_gazebo_pond_becter,
          due_lair_maze_entry_diamond, minmay_misc_feat_hallway
D:10:     layout_long_grid, nicolae_qazlal_scattered_showers, zombieorc1_lemuel,
          hangedman_misty_isle, uniq_fannar

Skill      XL: |  1  2  3  4  5  6  7  8  9 10 |
---------------+-------------------------------+-----
Spellcasting   | 2 3 4 6 |  6.0
Ice Magic      | 4 5 6 8 9 10 | 10.0
Stealth        | 2 4 |  4.0
Dodging        | 2 4 6 |  6.5
Fighting       | 1 2 4 6 |  6.5
Conjurations   | 1 4 |  4.0
Summonings     | 1 4 |  4.0

Action                   |  1- 3 |  4- 6 |  7- 9 | 10-12 || total
-------------------------+-------+-------+-------+-------++-------
Melee: Dagger            |    45 |    23 |       |       ||    68
       Unarmed           |     2 |       |       |       ||     2
       Rapier            |       |    42 |   189 |    68 ||   299
Throw: Dart              |    16 |     9 |    10 |     1 ||    36
       Boomerang         |       |     3 |       |       ||     3
 Cast: Freeze            |    80 |    32 |    14 |     1 ||   127
       Ozocubu's Armour  |     1 |     8 |    25 |    12 ||    46
       Frozen Ramparts   |       |     4 |     8 |     8 ||    20
       Hailstorm         |       |       |     7 |    36 ||    43
       Summon Ice Beast  |       |       |     9 |     3 ||    12
  Use: Scroll            |     3 |     1 |     7 |     4 ||    15
       Potion            |     1 |     2 |       |       ||     3
 Stab: Sleeping          |     5 |       |     5 |     4 ||    14
Armor: Robe              |    36 |    31 |   114 |       ||   181
       Ring mail         |       |       |       |    72 ||    72
Dodge: Dodged            |    74 |    57 |   179 |    87 ||   397

Table legend: (Time is in decaauts)
 A = Elapsed time spent in this place.
 B = Non-inter-level travel time spent in this place.
 C = Inter-level travel time spent in this place.
 D = Time resting spent in this place.
 E = Time spent auto-exploring this place.
 F = Levels seen in this place.
 G = Mean time per level.
                   A        B        C        D        E       F      G
               +--------+--------+--------+--------+--------+-----+--------+
         Total |  12268 |  11271 |    997 |   2279 |   7407 |  10 | 1226.8 |
       Dungeon |  12268 |  11271 |    997 |   2279 |   7407 |  10 | 1226.8 |
               +--------+--------+--------+--------+--------+-----+--------+

Top non-repeatable levels by time:
     D:8: 2133 daAuts
     D:6: 1709 daAuts
     D:1: 1382 daAuts
     D:4: 1331 daAuts
     D:2: 1269 daAuts
     D:5: 1205 daAuts
     D:7: 1136 daAuts
     D:3: 1056 daAuts
     D:9: 1021 daAuts
    D:10: 22 daAuts
